General information
- name: Big FFA!!!!
- type: Custom game
- host: FiRel)rAgOn
- saver: ROTS19
map: DivideAndConquer
- players: 8
- length: 18:58
- speed: Fast
- version: 1.26 W3XP
- replay type: Public
» download(122 KB)
Players
team 1 (winner)
FiRel)rAgOn (
red | 24 APM | 454 actions | 18:57)
3 Archmage
2 Summon Water Elemental
1 Brilliance Aura
1 Mountain King
1 Thunder Clap
» actions
| Assign group hotkey | 3 | |
| Build / train | 38 | |
| Enter build submenu | 20 | |
| Enter hero's abilities submenu | 4 | |
| Remove unit from queue | 1 | |
| Right click | 180 | |
| Select / deselect | 141 | |
| Select group hotkey | 23 | |
| Use ability | 44 | |
454 total
» units
| Peasant | 13 | |
| Footman | 3 | |
| Rifleman | 3 | |
19 total
» upgrades
| Masonry | 1 | |
| Lumber Harvesting | 1 | |
2 total
» buildings
| Altar of Kings | 1 | |
| Farm | 7 | |
| Barracks | 1 | |
| Lumber Mill | 2 | |
| Scout Tower | 5 | |
| Guard Tower | 4 | |
| Arcane Tower | 1 | |
| Blacksmith | 1 | |
| Keep | 1 | |
| Town Hall | 1 | |
| Arcane Vault | 1 | |
25 total
» build order
00:08 Altar of Kings
00:12 Farm
00:37 Barracks
00:59 Farm
01:09 Lumber Mill
01:57 Scout Tower
02:25 Guard Tower
02:28 Scout Tower
03:00 Arcane Tower
03:03 Blacksmith
03:11 Farm
04:02 Keep
05:12 Farm
06:03 Scout Tower
06:06 Farm
06:07 Farm
06:10 Scout Tower
06:13 Town Hall
06:34 Guard Tower
06:42 Guard Tower
06:44 Scout Tower
06:58 Farm
07:10 Arcane Vault
08:07 Lumber Mill
09:20 Guard Tower
» items
| Scroll of Regeneration | 1 | |
| Ivory Tower | 3 | |
4 total
team 2 (loser)
team 3 (loser)
TizzWizzle (
yellow | 56 APM | 1070 actions | 18:57)
4 Paladin
1 Holy Light
2 Devotion Aura
1 Divine Shield
3 Mountain King
2 Storm Bolt
1 Bash
» actions
| Assign group hotkey | 22 | |
| Basic commands | 56 | |
| Build / train | 75 | |
| Enter build submenu | 22 | |
| Enter hero's abilities submenu | 7 | |
| Give item / drop item | 3 | |
| Right click | 308 | |
| Select / deselect | 168 | |
| Select group hotkey | 327 | |
| Use ability | 82 | |
1070 total
» units
| Peasant | 17 | |
| Footman | 6 | |
| Knight | 4 | |
| Dragonhawk Rider | 6 | |
| Priest | 1 | |
34 total
» upgrades
| Defend | 1 | |
| Swords | 3 | |
| Plating | 2 | |
| Lumber Harvesting | 2 | |
| Masonry | 3 | |
| Armor | 2 | |
| Cloud | 1 | |
| Storm Hammers | 1 | |
| Animal War Training | 1 | |
| Gunpowder | 1 | |
| Flare | 1 | |
| Fragmentation Shards | 1 | |
| Magic Sentry | 1 | |
| Barrage | 1 | |
| Priest Training | 1 | |
22 total
» buildings
| Barracks | 1 | |
| Altar of Kings | 1 | |
| Farm | 8 | |
| Arcane Vault | 1 | |
| Lumber Mill | 1 | |
| Scout Tower | 4 | |
| Keep | 1 | |
| Blacksmith | 1 | |
| Guard Tower | 4 | |
| Castle | 1 | |
| Gryphon Aviary | 2 | |
| Town Hall | 1 | |
| Workshop | 1 | |
| Arcane Sanctum | 1 | |
28 total
» build order
00:04 Barracks
00:21 Altar of Kings
00:39 Farm
01:07 Farm
01:44 Farm
02:20 Farm
03:02 Arcane Vault
04:10 Lumber Mill
04:14 Scout Tower
04:16 Scout Tower
04:28 Keep
04:49 Scout Tower
04:53 Blacksmith
05:32 Guard Tower
05:35 Scout Tower
05:45 Guard Tower
05:47 Guard Tower
06:07 Guard Tower
06:11 Farm
06:48 Farm
07:16 Castle
09:15 Gryphon Aviary
10:42 Gryphon Aviary
12:46 Town Hall
13:12 Workshop
14:27 Arcane Sanctum
15:45 Farm
18:38 Farm
» items
| Scroll of Regeneration | 2 | |
| Scroll of Town Portal | 1 | |
| Orb of Fire | 1 | |
4 total
team 4 (loser)

»
Alvito (
purple | 62 APM | 1166 actions | 18:57)
5 Archmage
3 Summon Water Elemental
2 Brilliance Aura
3 Mountain King
2 Storm Bolt
1 Bash
» actions
| Assign group hotkey | 23 | |
| Basic commands | 60 | |
| Build / train | 68 | |
| Enter build submenu | 29 | |
| Enter hero's abilities submenu | 8 | |
| Remove unit from queue | 2 | |
| Right click | 551 | |
| Select / deselect | 259 | |
| Select group hotkey | 104 | |
| Use ability | 62 | |
1166 total
» units
| Peasant | 19 | |
| Footman | 2 | |
| Spell Breaker | 6 | |
| Rifleman | 2 | |
| Mortar Team | 2 | |
| Knight | 3 | |
| Gryphon Rider | 1 | |
35 total
» upgrades
| Plating | 1 | |
| Lumber Harvesting | 2 | |
| Swords | 1 | |
| Fragmentation Shards | 1 | |
| Magic Sentry | 1 | |
| Flare | 1 | |
| Sorceress Training | 1 | |
| Priest Training | 1 | |
| Armor | 2 | |
| Animal War Training | 1 | |
| Storm Hammers | 1 | |
13 total
» buildings
| Altar of Kings | 1 | |
| Barracks | 1 | |
| Farm | 9 | |
| Lumber Mill | 1 | |
| Keep | 1 | |
| Scout Tower | 7 | |
| Blacksmith | 1 | |
| Arcane Tower | 1 | |
| Arcane Sanctum | 1 | |
| Arcane Vault | 1 | |
| Castle | 1 | |
| Workshop | 1 | |
| Gryphon Aviary | 2 | |
| Town Hall | 2 | |
| Guard Tower | 2 | |
32 total
» build order
00:09 Altar of Kings
00:20 Barracks
00:34 Farm
00:50 Farm
01:37 Lumber Mill
02:32 Keep
02:59 Scout Tower
03:04 Blacksmith
03:29 Arcane Tower
04:10 Farm
04:11 Farm
04:57 Arcane Sanctum
05:00 Arcane Vault
05:25 Castle
06:51 Farm
06:53 Farm
06:55 Workshop
11:17 Farm
11:18 Farm
11:47 Farm
13:36 Gryphon Aviary
13:37 Gryphon Aviary
14:32 Town Hall
15:41 Town Hall
16:38 Scout Tower
16:39 Scout Tower
16:40 Scout Tower
18:11 Scout Tower
18:11 Scout Tower
18:12 Scout Tower
18:15 Guard Tower
18:48 Guard Tower
» items
| Scroll of Regeneration | 1 | |
| Scroll of Healing | 2 | |
3 total
team 5 (loser)

»
teelo (
teal | 78 APM | 1351 actions | 17:22)
3 Death Knight
2 Death Coil
1 Unholy Aura
3 Lich
2 Frost Nova
1 Dark Ritual
» actions
| Assign group hotkey | 145 | |
| Basic commands | 30 | |
| Build / train | 52 | |
| ESC pressed | 1 | |
| Enter build submenu | 12 | |
| Enter hero's abilities submenu | 6 | |
| Give item / drop item | 2 | |
| Right click | 781 | |
| Select / deselect | 103 | |
| Select group hotkey | 170 | |
| Use ability | 49 | |
1351 total
» units
| Acolyte | 9 | |
| Ghoul | 2 | |
| Crypt Fiend | 8 | |
| Frost Wyrm | 1 | |
20 total
» upgrades
| Burrow | 1 | |
| Web | 1 | |
| Creature Attack | 2 | |
| Creature Carapace | 2 | |
6 total
» buildings
| Ziggurat | 5 | |
| Altar of Darkness | 1 | |
| Crypt | 1 | |
| Nerubian Tower | 2 | |
| Graveyard | 1 | |
| Tomb of Relics | 1 | |
| Spirit Tower | 2 | |
| Halls of the Dead | 1 | |
| Sacrificial Pit | 1 | |
| Black Citadel | 1 | |
| Boneyard | 1 | |
17 total
» build order
00:07 Ziggurat
00:11 Altar of Darkness
00:34 Crypt
01:07 Nerubian Tower
01:23 Graveyard
01:50 Tomb of Relics
02:04 Ziggurat
03:02 Spirit Tower
03:32 Halls of the Dead
05:30 Ziggurat
06:53 Sacrificial Pit
07:08 Nerubian Tower
11:48 Black Citadel
11:55 Ziggurat
13:08 Spirit Tower
14:04 Ziggurat
14:15 Boneyard
» items
| Rod of Necromancy | 1 | |
| Dust of Appearance | 4 | |
| Potion of Healing | 4 | |
| Scroll of Town Portal | 1 | |
| Potion of Mana | 1 | |
| Scroll of Healing | 1 | |
12 total
team 6 (loser)

»
ROTS19 (
orange | 62 APM | 1170 actions | 18:58)
4 Warden
2 Shadow Strike
2 Blink
3 Priestess of the Moon
2 Trueshot Aura
1 Searing Arrows
» actions
| Assign group hotkey | 60 | |
| Basic commands | 80 | |
| Build / train | 78 | |
| Enter build submenu | 24 | |
| Enter hero's abilities submenu | 7 | |
| Give item / drop item | 3 | |
| Right click | 376 | |
| Select / deselect | 278 | |
| Select group hotkey | 235 | |
| Use ability | 29 | |
1170 total
» units
| Wisp | 35 | |
| Archer | 5 | |
| Huntress | 2 | |
| Druid of the Claw | 5 | |
| Dryad | 6 | |
53 total
» upgrades
| Abolish Magic | 1 | |
| Druid of the Claw Training | 2 | |
| Well Spring | 1 | |
| Ultravision | 1 | |
| Strength of the Wild | 2 | |
| Reinforced Hides | 2 | |
| Nature's Blessing | 1 | |
| Mark of the Claw | 1 | |
11 total
» buildings
| Altar of Elders | 1 | |
| Moon Well | 7 | |
| Ancient of War | 1 | |
| Ancient of Wonders | 1 | |
| Hunter's Hall | 1 | |
| Tree of Ages | 1 | |
| Ancient Protector | 2 | |
| Ancient of Lore | 2 | |
| Tree of Life | 2 | |
| Tree of Eternity | 1 | |
19 total
» build order
00:12 Altar of Elders
00:27 Moon Well
00:30 Ancient of War
02:19 Moon Well
02:51 Moon Well
03:34 Ancient of Wonders
04:00 Hunter's Hall
05:00 Tree of Ages
05:41 Ancient Protector
06:04 Moon Well
06:48 Ancient Protector
07:44 Ancient of Lore
07:49 Ancient of Lore
08:27 Tree of Life
08:43 Tree of Eternity
12:25 Tree of Life
13:37 Moon Well
13:40 Moon Well
17:50 Moon Well
» items
| Potion of Healing | 2 | |
| Staff of Preservation | 1 | |
3 total
team 7 (loser)
kepachi (
green | 56 APM | 739 actions | 13:05)
1 Blademaster
1 Wind Walk
1 Shadow Hunter
1 Hex
» actions
| Basic commands | 2 | |
| Build / train | 26 | |
| Enter build submenu | 11 | |
| Enter hero's abilities submenu | 2 | |
| Right click | 446 | |
| Select / deselect | 198 | |
| Use ability | 54 | |
739 total
» units
| Peon | 6 | |
| Grunt | 3 | |
| Raider | 3 | |
| Spirit Walker | 1 | |
13 total
» upgrades
| Ensnare | 1 | |
| Spirit Walker Training | 1 | |
| Berserker Strength | 1 | |
3 total
» buildings
| Altar of Storms | 1 | |
| Orc Burrow | 3 | |
| Barracks | 1 | |
| Voodoo Lounge | 1 | |
| Stronghold | 1 | |
| Beastiary | 1 | |
| Spirit Lodge | 1 | |
| Fortress | 1 | |
10 total
» build order
00:07 Altar of Storms
00:13 Orc Burrow
00:30 Barracks
01:18 Voodoo Lounge
01:49 Orc Burrow
03:24 Stronghold
05:48 Beastiary
05:50 Spirit Lodge
07:24 Orc Burrow
11:59 Fortress
» items
| Healing Salve | 3 | |
| Lesser Clarity Potion | 1 | |
4 total
team 8 (loser)

»
PudgeFriedRice (
pink | 51 APM | 965 actions | 18:57)
4 Archmage
2 Summon Water Elemental
2 Brilliance Aura
3 Mountain King
2 Storm Bolt
1 Bash
1 Paladin
1 Holy Light
» actions
| Assign group hotkey | 2 | |
| Basic commands | 85 | |
| Build / train | 79 | |
| Enter build submenu | 19 | |
| Enter hero's abilities submenu | 8 | |
| Give item / drop item | 2 | |
| Right click | 467 | |
| Select / deselect | 251 | |
| Select group hotkey | 4 | |
| Use ability | 48 | |
965 total
» units
| Peasant | 6 | |
| Footman | 3 | |
| Rifleman | 13 | |
| Gryphon Rider | 15 | |
| Knight | 1 | |
38 total
» upgrades
| Gunpowder | 1 | |
| Armor | 1 | |
| Storm Hammers | 1 | |
| Animal War Training | 1 | |
| Swords | 1 | |
5 total
» buildings
| Altar of Kings | 1 | |
| Farm | 6 | |
| Barracks | 1 | |
| Lumber Mill | 1 | |
| Blacksmith | 1 | |
| Keep | 1 | |
| Scout Tower | 4 | |
| Guard Tower | 5 | |
| Castle | 1 | |
| Arcane Vault | 1 | |
| Gryphon Aviary | 1 | |
| Arcane Tower | 1 | |
24 total
» build order
00:08 Altar of Kings
00:17 Farm
00:31 Barracks
01:00 Lumber Mill
01:11 Farm
02:32 Farm
02:59 Blacksmith
03:51 Keep
04:23 Farm
05:12 Farm
05:51 Scout Tower
07:17 Scout Tower
07:19 Guard Tower
08:17 Scout Tower
08:26 Scout Tower
08:29 Castle
10:17 Arcane Vault
10:36 Gryphon Aviary
10:39 Guard Tower
10:41 Arcane Tower
11:04 Farm
12:48 Guard Tower
13:21 Guard Tower
13:22 Guard Tower
» items
| Scroll of Regeneration | 3 | |
| Scroll of Town Portal | 2 | |
| Staff of Sanctuary | 1 | |
| Ivory Tower | 5 | |
| Potion of Healing | 6 | |
17 total
Chat log
(00:08 / All) ROTS19: hey teelo
(00:09 / All) ROTS19: ally?
(00:13 / All) teelo: k
(00:21 / All) ROTS19: wewt
(00:26 / All) teelo: guys how come those dudes names AutoRefresh didnt want to play?
(00:29 / All) teelo: they came and left so quickly
(00:47 / All) ROTS19: oh great, I got sheep
(00:48 / All) ROTS19: my worst race
(01:07 / All) ROTS19: k
(06:52 / All) ROTS19: blues afk lol
(08:06 / All) ROTS19: is there seriously no tavern on this map?
(08:07 / All) ROTS19: fuck
(08:09 / All) ROTS19: lol
(08:20 / All) Alvito: its a roc map
(08:23 / All) ROTS19: oh
(11:53 / All) kepachi: ok i suck and im done
(11:56 / All) ROTS19: loool
(12:03 / All) teelo: you shouldnt have killed my acol lol
(12:06 / All) teelo: thats my revenge :P
(12:09 / All) kepachi: lol im to noob
(12:26 / All) teelo: youre playing like its 1v1
(12:28 / All) teelo: its not 1v1
(12:31 / All) kepachi: lol
(13:49 / All) teelo: hey pies, lets go team red now, for being the host
(13:55 / All) ROTS19: k
(13:59 / All) teelo: hes top left
(14:01 / All) teelo: turtled up
(14:02 / All) ROTS19: yeah i c
(14:08 / All) ROTS19: i scouted him earlier
(14:12 / All) teelo: k
(14:54 / All) ROTS19: k lets go
(14:59 / All) teelo: nah leave green up lol
(15:04 / All) ROTS19: i just wanted hte exp
(15:08 / All) teelo: ah
(15:59 / All) ROTS19: yellow next?
(16:05 / All) teelo: where is he
(16:07 / All) teelo: havent scouted
(16:09 / All) ROTS19: to the right
(16:12 / All) teelo: k
(16:13 / All) ROTS19: past the mid gold mine attop
(16:24 / All) teelo: omw
(16:24 / All) FiRel)rAgOn: ahh so you really did team?
(16:33 / All) ROTS19: nah
(16:35 / All) TizzWizzle: they realy teaming?
(16:38 / All) ROTS19: Our units just signed a peace treaty
(16:50 / All) FiRel)rAgOn: yes they right next to each other attacking my buildings
(17:04 / All) teelo: actually i already left so my shit wouldnt kill his units
(17:05 / All) ROTS19: well
(17:07 / All) ROTS19: either one uf
(17:09 / All) teelo: but later on we will be fighting each other
(17:14 / All) ROTS19: either one of us
(17:18 / All) ROTS19: would have killed you easily
(17:20 / All) ROTS19: you had nothing
(17:43 / All) FiRel)rAgOn: bye retard
(17:46 / All) ROTS19: HAHAHA
(18:03 / All) FiRel)rAgOn: im talking to you
(18:04 / All) ROTS19: if i'm retarded why didn't you just build units and kill me
(18:17 / All) ROTS19: Would have been easy
(18:27 / All) FiRel)rAgOn: i was tabbed out talking to my friend on skype
(18:37 / All) FiRel)rAgOn: your a retard for teaming
(18:38 / All) ROTS19: LOL
(18:39 / All) ROTS19: for 20 minutes?
(18:44 / All) FiRel)rAgOn: yeah?
(18:55 / All) ROTS19: why even bother playing if you're gonna minimize the whole game lol